TOP OF THE 1ST |
San Antonio Missions batting - Pitching for Frisco RoughRiders : RHP Nicol Reijnders
|
Pitching: RHP Nicol Reijnders
|
|
Batting: RHB Ronnie Prokop
|
0-0: Ball 1-0: Fly out, F7 (Flyball, 78D, EV 99.4 MPH)
|
Batting: RHB Ryan Lund
|
0-0: Called Strike 0-1: Ball 1-1: Swinging Strike 1-2: DOUBLE (Line Drive, 8RXD, EV 107.5 MPH)
|
Batting: RHB Howie Seabolt
|
0-0: Ball 1-0: Ball 2-0: Hit by Pitch
|
Batting: RHB Jason Borden
|
0-0: Grounds into double play, U6-3 (Groundball, 6M, EV 104.4 MPH)
|
Top of the 1st over - 0 runs, 1 hit, 0 errors, 1 left on base; San Antonio 0 - Frisco 0 |
BOTTOM OF THE 1ST |
Frisco RoughRiders batting - Pitching for San Antonio Missions : RHP Rich Mowdy
|
Pitching: RHP Rich Mowdy
|
|
Batting: RHB Mark Edelen
|
0-0: Called Strike 0-1: Ball 1-1: Ball 2-1: Ball 3-1: Ground out 6-3 (Groundball, 6, EV 105.0 MPH)
|
Batting: LHB Miguel Calderon
|
0-0: Ball 1-0: Foul Ball, location: 9LSF 1-1: Ground out U3 (Groundball, 3, EV 107.5 MPH)
|
Batting: LHB Ben Durtschi
|
0-0: Swinging Strike 0-1: Ball 1-1: Foul Ball, location: 7LDF 1-2: SINGLE (Line Drive, 56D, EV 106.3 MPH)
|
Batting: RHB Isaiah Anderson
|
0-0: Ground out 4-3 (Groundball, 34, EV 100.6 MPH)
|
Bottom of the 1st over - 0 runs, 1 hit, 0 errors, 1 left on base; San Antonio 0 - Frisco 0 |
TOP OF THE 2ND |
San Antonio Missions batting - Pitching for Frisco RoughRiders : RHP Nicol Reijnders
|
Batting: LHB Emilio Gonzales
|
0-0: Ball 1-0: Called Strike 1-1: Hit by Pitch
|
Batting: RHB Josh Mehl
|
0-0: Ball 1-0: Foul Ball, location: 5F 1-1: Fielders Choice at 2nd, 6-4 (Groundball, 56D, EV 101.9 MPH)
|
Batting: SHB Jadon Mitchell
|
0-0: Ball 1-0: Ball 2-0: Called Strike 2-1: Swinging Strike 2-2: Fly out, F8 (Flyball, 8RD, EV 110.0 MPH)
|
Batting: RHB John Stevens
|
0-0: Ball 1-0: Ball 2-0: Ball 3-0: Called Strike 3-1: Foul Ball, location: 2F 3-2: Base on Balls Josh Mehl to second
|
Batting: RHB Manny Salomon
|
0-0: Fielders Choice at 2nd, 6-4 (Groundball, 6, EV 81.9 MPH)
|
Top of the 2nd over - 0 runs, 0 hits, 0 errors, 2 left on base; San Antonio 0 - Frisco 0 |
BOTTOM OF THE 2ND |
Frisco RoughRiders batting - Pitching for San Antonio Missions : RHP Rich Mowdy
|
Batting: RHB Rick Medina
|
0-0: Called Strike 0-1: Swinging Strike 0-2: Strikes out looking and he ARGUES THE CALL AND IS TOSSED!
|
Batting: SHB Edwin Arroyo
|
0-0: Called Strike 0-1: Ball 1-1: Swinging Strike 1-2: Ball 2-2: Foul Ball, location: 9LMFF 2-2: Foul Ball, location: 3SF 2-2: SINGLE (Groundball, 34D, EV 102.5 MPH)
|
Batting: RHB Edgar Caban
|
0-0: Ball 1-0: Called Strike 1-1: Hit by Pitch Edwin Arroyo to second
|
Batting: RHB Steve Fitzpatrick
|
0-0: Ball 1-0: Ball 2-0: Ball 3-0: Base on Balls Edwin Arroyo to third Edgar Caban to second
|
Batting: RHB Mike Harrell
|
0-0: Ball 1-0: Called Strike 1-1: SINGLE (Groundball, 6MD, EV 98.1 MPH) Edwin Arroyo scores Edgar Caban to third Steve Fitzpatrick to second
|
Pitching: RHP Bobby Rettig
|
|
Batting: RHB Mark Edelen
|
0-0: Swinging Strike 0-1: Ball 1-1: Ball 2-1: Ball 3-1: SINGLE (Line Drive, 89S, EV 107.5 MPH) Edgar Caban scores Steve Fitzpatrick to third Mike Harrell to second Runner from 3rd tries for Home, throw by CF and OUT! 8-2
|
Batting: LHB Miguel Calderon
|
0-0: Called Strike 0-1: Foul Ball, location: 25F 0-2: Ball 1-2: Foul Ball, location: 7LDF 1-2: Fly out, F9 (Flyball, 9, EV 90.6 MPH)
|
Bottom of the 2nd over - 2 runs, 3 hits, 0 errors, 2 left on base; San Antonio 0 - Frisco 2 |
TOP OF THE 3RD |
San Antonio Missions batting - Pitching for Frisco RoughRiders : RHP Nicol Reijnders
|
Now at C: Mike Austin
|
|
Batting: RHB Ronnie Prokop
|
0-0: Foul Ball, location: 2F 0-1: Ground out 5-3 (Groundball, 56S, EV 81.9 MPH)
|
Batting: RHB Ryan Lund
|
0-0: Foul Ball, location: 9LSFF 0-1: Swinging Strike 0-2: Strikes out swinging
|
Batting: RHB Howie Seabolt
|
0-0: Ball 1-0: Foul Ball, location: 7LSF 1-1: Ball 2-1: Ball 3-1: Base on Balls
|
Batting: RHB Jason Borden
|
0-0: Ball 1-0: Ball 2-0: Called Strike 2-1: Ball 3-1: Called Strike 3-2: Foul Ball, location: 3F 3-2: Strikes out swinging
|
Top of the 3rd over - 0 runs, 0 hits, 0 errors, 1 left on base; San Antonio 0 - Frisco 2 |
BOTTOM OF THE 3RD |
Frisco RoughRiders batting - Pitching for San Antonio Missions : RHP Bobby Rettig
|
Batting: LHB Ben Durtschi
|
0-0: Called Strike 0-1: Ball 1-1: DOUBLE (Line Drive, 9LS, EV 98.1 MPH)
|
Batting: RHB Isaiah Anderson
|
0-0: Called Strike 0-1: Swinging Strike 0-2: Ball 1-2: Ball 2-2: Strikes out swinging
|
Batting: RHB Mike Austin
|
0-0: Called Strike 0-1: Called Strike 0-2: Ball 1-2: Foul Ball, location: 9LDF 1-2: Fly out, F4 (Popup, 4, EV 71.3 MPH)
|
Batting: SHB Edwin Arroyo
|
0-0: Foul Ball, location: 2F 0-1: Ball 1-1: Ball 2-1: Swinging Strike 2-2: Foul Ball, location: 2F 2-2: SINGLE (Line Drive, 5D, EV 100.0 MPH) Ben Durtschi to third Runner from 3rd tries for Home, throw by LF and OUT! 7-2
|
Bottom of the 3rd over - 0 runs, 2 hits, 0 errors, 1 left on base; San Antonio 0 - Frisco 2 |
TOP OF THE 4TH |
San Antonio Missions batting - Pitching for Frisco RoughRiders : RHP Nicol Reijnders
|
Batting: LHB Emilio Gonzales
|
0-0: Called Strike 0-1: Fly out, F4 (Popup, 13S, EV 85.6 MPH)
|
Batting: RHB Josh Mehl
|
0-0: Ball 1-0: Ball 2-0: Ball 3-0: Called Strike 3-1: Foul Ball, location: 2F 3-2: SINGLE (Line Drive, 7S, EV 100.6 MPH)
|
Batting: SHB Jadon Mitchell
|
0-0: Called Strike 0-1: Swinging Strike 0-2: Foul Ball, location: 5FF 0-2: Ball 1-2: Strikes out swinging
|
Batting: RHB John Stevens
|
0-0: Ball 1-0: Foul Ball, location: 9LDF 1-1: Ball 2-1: Foul Ball, location: 5DF 2-2: Fly out, F2 (Popup, 23F, EV 80.6 MPH)
|
Top of the 4th over - 0 runs, 1 hit, 0 errors, 1 left on base; San Antonio 0 - Frisco 2 |
BOTTOM OF THE 4TH |
Frisco RoughRiders batting - Pitching for San Antonio Missions : RHP Bobby Rettig
|
Batting: RHB Edgar Caban
|
0-0: Fly out, F8 (Flyball, 8RD, EV 86.3 MPH)
|
Batting: RHB Steve Fitzpatrick
|
0-0: Called Strike 0-1: Foul Ball, location: 2F 0-2: Ball 1-2: Strikes out swinging
|
Batting: RHB Mike Harrell
|
0-0: Ground out 6-3 (Groundball, 6, EV 101.9 MPH)
|
Bottom of the 4th over - 0 runs, 0 hits, 0 errors, 0 left on base; San Antonio 0 - Frisco 2 |
TOP OF THE 5TH |
San Antonio Missions batting - Pitching for Frisco RoughRiders : RHP Nicol Reijnders
|
Batting: RHB Manny Salomon
|
0-0: Swinging Strike 0-1: Foul Ball, location: 5SF 0-2: Strikes out swinging
|
Batting: RHB Ronnie Prokop
|
0-0: Ball 1-0: Swinging Strike 1-1: Fly out, F7 (Flyball, 7, EV 74.4 MPH)
|
Batting: RHB Ryan Lund
|
0-0: Ball 1-0: Called Strike 1-1: Swinging Strike 1-2: Foul Ball, location: 25FF 1-2: Ball 2-2: Fly out, F4 (Line Drive, 4D, EV 71.9 MPH)
|
Top of the 5th over - 0 runs, 0 hits, 0 errors, 0 left on base; San Antonio 0 - Frisco 2 |
BOTTOM OF THE 5TH |
Frisco RoughRiders batting - Pitching for San Antonio Missions : RHP Bobby Rettig
|
Batting: RHB Mark Edelen
|
0-0: SINGLE (Groundball, 34D, EV 108.8 MPH)
|
Batting: LHB Miguel Calderon
|
0-0: Fielders Choice at 2nd, 3-6 (Groundball, 34, EV 83.8 MPH)
|
Batting: LHB Ben Durtschi
|
0-0: Ball 1-0: 2-RUN HOME RUN (Flyball, 9D, EV 96.3 MPH), Distance : 376 ft
|
Pitching: RHP Pat Kirkland
|
|
Batting: RHB Isaiah Anderson
|
0-0: Called Strike 0-1: Foul Ball, location: 2F 0-2: Ball 1-2: Fly out, F7 (Flyball, 7S, EV 88.8 MPH)
|
Batting: RHB Mike Austin
|
0-0: Called Strike 0-1: Ball 1-1: Called Strike 1-2: Fly out, F9 (Line Drive, 9D, EV 88.8 MPH)
|
Bottom of the 5th over - 2 runs, 2 hits, 0 errors, 0 left on base; San Antonio 0 - Frisco 4 |
TOP OF THE 6TH |
San Antonio Missions batting - Pitching for Frisco RoughRiders : RHP Nicol Reijnders
|
Batting: RHB Howie Seabolt
|
0-0: Swinging Strike 0-1: Ground out 6-3 (Groundball, 6, EV 89.4 MPH)
|
Batting: RHB Jason Borden
|
0-0: Called Strike 0-1: Called Strike 0-2: Ball 1-2: Strikes out swinging
|
Batting: LHB Emilio Gonzales
|
0-0: Ball 1-0: Ball 2-0: Foul Ball, location: 7LSF 2-1: Swinging Strike 2-2: Foul Ball, location: 9LMF 2-2: Foul Ball, location: 23F 2-2: Ball 3-2: Foul Ball, location: 5SF 3-2: Strikes out swinging
|
Top of the 6th over - 0 runs, 0 hits, 0 errors, 0 left on base; San Antonio 0 - Frisco 4 |
BOTTOM OF THE 6TH |
Frisco RoughRiders batting - Pitching for San Antonio Missions : RHP Pat Kirkland
|
Batting: SHB Edwin Arroyo
|
0-0: Ball 1-0: Foul Ball, location: 25FF 1-1: Called Strike 1-2: Strikes out swinging
|
Batting: RHB Edgar Caban
|
0-0: Ball 1-0: Fly out, F6 (Line Drive, 6M, EV 64.4 MPH)
|
Batting: RHB Steve Fitzpatrick
|
0-0: Called Strike 0-1: Ball 1-1: Called Strike 1-2: Foul Ball, location: 2F 1-2: Strikes out swinging
|
Bottom of the 6th over - 0 runs, 0 hits, 0 errors, 0 left on base; San Antonio 0 - Frisco 4 |
TOP OF THE 7TH |
San Antonio Missions batting - Pitching for Frisco RoughRiders : RHP Nicol Reijnders
|
Batting: RHB Josh Mehl
|
0-0: Ball 1-0: Ball 2-0: Fly out, F3 (Line Drive, 3L, EV 73.8 MPH)
|
Batting: SHB Jadon Mitchell
|
0-0: Swinging Strike 0-1: Ball 1-1: Ball 2-1: Foul Ball, location: 23F 2-2: Ball 3-2: Base on Balls
|
Batting: RHB John Stevens
|
0-0: Grounds into double play, 4-6-3 (Groundball, 4S, EV 89.4 MPH)
|
Top of the 7th over - 0 runs, 0 hits, 0 errors, 0 left on base; San Antonio 0 - Frisco 4 |
BOTTOM OF THE 7TH |
Frisco RoughRiders batting - Pitching for San Antonio Missions : RHP Pat Kirkland
|
Batting: RHB Mike Harrell
|
0-0: Called Strike 0-1: Swinging Strike 0-2: Foul Ball, location: 23FF 0-2: SINGLE (Line Drive, 8RS, EV 109.4 MPH)
|
Batting: RHB Mark Edelen
|
0-0: SINGLE (Groundball, 4MD, EV 96.3 MPH) Mike Harrell to second
|
Batting: LHB Miguel Calderon
|
0-0: SINGLE (Line Drive, 6MD, EV 98.1 MPH) Mike Harrell to third Mark Edelen to second
|
Batting: LHB Ben Durtschi
|
0-0: Called Strike 0-1: Ball 1-1: Ball 2-1: Ball 3-1: Called Strike 3-2: Foul Ball, location: 2F 3-2: Foul Ball, location: 2F 3-2: SINGLE (Groundball, 4D, EV 101.3 MPH) Mike Harrell scores Mark Edelen to third Miguel Calderon to second
|
Pitching: RHP Emanuele Delmonico
|
|
Batting: RHB Isaiah Anderson
|
0-0: Fly out, F8 (Flyball, 89M, EV 93.1 MPH) Runner from 3rd tags up, SCORES, throw by CF
|
Batting: RHB Mike Austin
|
0-0: Ball 1-0: Ball 2-0: Ball 3-0: Base on Balls Miguel Calderon to third Ben Durtschi to second
|
Batting: SHB Edwin Arroyo
|
0-0: Ball 1-0: Ball 2-0: Foul Ball, location: 7LMF 2-1: Grounds into double play, 3-2-3 (Groundball, 3L, EV 108.1 MPH)
|
Bottom of the 7th over - 2 runs, 4 hits, 0 errors, 2 left on base; San Antonio 0 - Frisco 6 |
TOP OF THE 8TH |
San Antonio Missions batting - Pitching for Frisco RoughRiders : RHP Nicol Reijnders
|
Batting: RHB Manny Salomon
|
0-0: Ball 1-0: Foul Ball, location: 9LSF 1-1: Ground out 5-3 (Groundball, 5, EV 101.9 MPH)
|
Batting: RHB Ronnie Prokop
|
0-0: Ball 1-0: Ball 2-0: Called Strike 2-1: Called Strike 2-2: Strikes out looking
|
Batting: RHB Ryan Lund
|
0-0: Ball 1-0: Fly out, F9 (Flyball, 89D, EV 105.6 MPH)
|
Top of the 8th over - 0 runs, 0 hits, 0 errors, 0 left on base; San Antonio 0 - Frisco 6 |
BOTTOM OF THE 8TH |
Frisco RoughRiders batting - Pitching for San Antonio Missions : RHP Emanuele Delmonico
|
Batting: RHB Edgar Caban
|
0-0: Called Strike 0-1: Ball 1-1: Called Strike 1-2: Ground out 5-3 (Groundball, 5, EV 83.1 MPH)
|
Batting: RHB Steve Fitzpatrick
|
0-0: Ball 1-0: Ball 2-0: Ground out 6-3 (Groundball, 6, EV 110.6 MPH)
|
Batting: RHB Mike Harrell
|
0-0: Ground out 5-3 (Groundball, 56, EV 104.4 MPH)
|
Bottom of the 8th over - 0 runs, 0 hits, 0 errors, 0 left on base; San Antonio 0 - Frisco 6 |
TOP OF THE 9TH |
San Antonio Missions batting - Pitching for Frisco RoughRiders : RHP Nicol Reijnders
|
Pitching: RHP Mike Webb
|
|
Batting: RHB Howie Seabolt
|
0-0: Ball 1-0: Foul Ball, location: 7LDF 1-1: Called Strike 1-2: SOLO HOME RUN (Line Drive, 7D, EV 98.8 MPH), Distance : 392 ft
|
Batting: RHB Jason Borden
|
0-0: Ball 1-0: Foul Ball, location: 9LMF 1-1: Foul Ball, location: 5DF 1-2: Foul Ball, location: 3FF 1-2: Ball 2-2: Ball 3-2: Base on Balls
|
Batting: LHB Emilio Gonzales
|
0-0: Called Strike 0-1: Ball 1-1: Ball 2-1: Ball 3-1: Foul Ball, location: 7LDF 3-2: Foul Ball, location: 7LSFF 3-2: Fielders Choice at 2nd, 5-4 (Groundball, 5, EV 82.5 MPH)
|
Batting: RHB Josh Mehl
|
0-0: Foul Ball, location: 23FF 0-1: Ball 1-1: Ball 2-1: Called Strike 2-2: Fielders Choice at 2nd, 5-4 (Groundball, 56S, EV 85.6 MPH)
|
Batting: SHB Jadon Mitchell
|
0-0: Called Strike 0-1: Ball 1-1: DOUBLE (Groundball, 3L, EV 108.1 MPH) Josh Mehl to third
|
Batting: RHB John Stevens
|
0-0: Ball 1-0: Called Strike 1-1: Ground out 6-3 (Groundball, 6M, EV 82.5 MPH)
|
Top of the 9th over - 1 run, 2 hits, 0 errors, 2 left on base; San Antonio 1 - Frisco 6 |
|